 Dungeon Sprint DCSS version 0.29-a0-824-gd827844252 (webtiles) character file.

Game seed: 15087049420970489832

2507 mhtbhm the Unseen (level 9, -6/52 HPs)
             Began as a Kobold Enchanter on July 9, 2022.
             Was a Believer of Dithmenos.
             Shot with an arrow by a centaur warrior (19 damage)
             ... in the Dungeon (Sprint IX: "|||||||||||||||||||||||||||||").
             The game lasted 00:02:22 (975 turns).

mhtbhm the Unseen (Kobold Enchanter)                 Turns: 975, Time: 00:02:23

Health: -6/52      AC:  6    Str:  6    XL:     9   Next: 83%
Magic:  16/18      EV: 21    Int: 19    God:    Dithmenos [**....]
Gold:   0          SH:  0    Dex: 19    Spells: 10/21 levels left

rFire   . . .      SeeInvis .   a - +2 rapier (drain)
rCold   . . .      Faith    .   (no shield)
rNeg    . . .      Spirit   .   b - +0 robe
rPois   .          Reflect  .   l - +0 helmet
rElec   .          Harm     .   m - +0 cloak
rCorr   .          Rampage  .   (no gloves)
Will    .....      NoTele   +   (no boots)
Stlth   ++++++++++              (no amulet)
HPRegen 0.17/turn               n - +2 ring of protection
MPRegen 0.16/turn               o - +3 ring of intelligence

@: wreathed by umbra
A: small, no large weapons, nightstalker 3
a: Renounce Religion, Shadow Step


You were in the Dungeon.
You worshipped Dithmenos.
Dithmenos was pleased with you.
You visited 1 branch

Inventory:

Hand Weapons
 a - a +2 rapier of draining (weapon)
Armour
 b - a +0 robe (worn)
 l - a +0 helmet (worn)
 m - a +0 cloak (worn)
Jewellery
 n - a +2 ring of protection (left hand)
 o - a +3 ring of intelligence (right hand)
Wands
 k - a wand of quicksilver (5)
Scrolls
 j - 2 scrolls of amnesia
Potions
 c - 2 potions of invisibility
 e - 4 potions of curing
 f - a potion of haste
 g - 4 potions of magic
 h - a potion of berserk rage


   Skills:
 + Level 4.0 Fighting
 + Level 8.8 Short Blades
 + Level 9.7 Dodging
 + Level 17.0 Stealth
 + Level 6.6 Spellcasting
 + Level 8.7 Hexes
 + Level 3.1 Ice Magic
 * Level 9.7 Invocations
 + Level 3.0 Evocations


You had 10 spell levels left.
You knew the following spells:

 Your Spells              Type           Power      Damage    Failure   Level
a - Ensorcelled Hibernat  Hex/Ice        56%        N/A       1%          2
b - Confusing Touch       Hex            39%        N/A       1%          3
c - Tukima's Dance        Hex            39%        N/A       1%          3
d - Dazzling Flash        Conj/Hex       44%        N/A       5%          3

Your spell library contained the following spells:

 Spells                   Type           Power      Damage    Failure   Level


Dungeon Overview and Level Annotations

Branches:
Dungeon (1/1)

Altars:
Cheibriados
Dithmenos
Elyvilon
Fedhas
Gozag
Hepliaklqana
Kikubaaqudgha
Makhleb
Nemelex Xobeh
Okawaru
Qazlal
Ru
Sif Muna
Trog
Uskayaw
Vehumet
Wu Jian
Xom
Yredelemnul
Zin
The Shining One
Jiyva
Lugonu


Innate Abilities, Weirdness & Mutations

You are small and have problems with some larger weapons.
You are completely attuned to the shadows.


Message History

There is a shimmering altar of Xom here.
There is an ornate altar of the Wu Jian Council here.
There is a radiant altar of Vehumet here.
There is a hide-covered altar of Uskayaw here.
There is a bloodstained altar of Trog here.
There is a shimmering blue altar of Sif Muna here.
There is a sacrificial altar of Ru here.
There is a stormy altar of Qazlal here.
There is an iron altar of Okawaru here.
There is a sparkling altar of Nemelex Xobeh here.
There is a burning altar of Makhleb here.
There is a corrupted altar of Lugonu here.
There is an ancient bone altar of Kikubaaqudgha here.
There is a viscous altar of Jiyva here.
There is a hazy altar of Hepliaklqana here.
There is an opulent altar of Gozag here.
There is a blossoming altar of Fedhas here.
There is a white marble altar of Elyvilon here.
There is a shadowy altar of Dithmenos here.
There is a snail-covered altar of Cheibriados here.
There is a roughly hewn altar of Beogh here.
There is an open door to the Temple here.
There is an open door here.
There is an open door to the Dungeon here.
There is a staircase leading out of the dungeon, spattered with blood here.
You start resting.
You start resting.
A centaur warrior is nearby!
Casting: Ensorcelled Hibernation (safe; 1% risk of failure)
Confirm with . or Enter, or press ? or * to list all spells.
Aiming: Ensorcelled Hibernation (safe; 1% risk of failure)
Press: ? - help, Shift-Dir - straight line, f - centaur warrior
Aim: a centaur warrior, wielding a +3 longbow of flaming (wandering, hasn't noticed you, chance to affect: 41%)
The centaur warrior shouts!
The centaur warrior resists with some effort.
Unknown command.
The centaur warrior shoots an arrow.
The arrow hits you!! The arrow burns you!
* * * LOW HITPOINT WARNING * * *
The centaur warrior shoots an arrow.
The arrow hits you!!
You die... ▓▓▓▓▓▓▓▓▓▓▓▓▓▓▓▓▓▓▓ ▓<@.c'.....'.....'_ ▓▓▓▓▓▓▓▓▓▓▓▓▓▓▓▓▓▓▓

You could see a centaur warrior.

Vanquished Creatures
  A centaur warrior (D)
  2 two-headed ogres (D)
  A kobold demonologist (D)
  A komodo dragon (D)
  2 centaurs (D)
  A hound (D)
  An orc priest (D)
  2 adders (D)
  An ufetubus (D)
  2 dart slugs (D)
  2 bats (D)
  2 giant cockroaches (D)
18 creatures vanquished.

Notes
Turn   | Place    | Note
-------+----------+-------------------------------------------
     0 | D        | mhtbhm the Kobold Enchanter began the quest for the Orb.
     0 | D        | Reached XP level 1. HP: 10/10 MP: 3/3
    25 | D        | Reached skill level 5 in Stealth
    25 | D        | Reached XP level 2. HP: 5/15 MP: 3/5
   217 | D        | Learned a level 2 spell: Ensorcelled Hibernation
   247 | D        | Reached skill level 6 in Stealth
   247 | D        | Reached XP level 3. HP: 5/19 MP: 1/7
   263 | D        | Reached skill level 7 in Stealth
   263 | D        | Reached skill level 5 in Hexes
   263 | D        | Reached XP level 4. HP: 20/24 MP: 0/9
   269 | D        | Found a snail-covered altar of Cheibriados.
   269 | D        | Found a shadowy altar of Dithmenos.
   270 | D        | Found a white marble altar of Elyvilon.
   271 | D        | Found a blossoming altar of Fedhas.
   272 | D        | Found an opulent altar of Gozag.
   273 | D        | Found a hazy altar of Hepliaklqana.
   274 | D        | Found a viscous altar of Jiyva.
   443 | D        | Found an ancient bone altar of Kikubaaqudgha.
   444 | D        | Found a corrupted altar of Lugonu.
   445 | D        | Found a burning altar of Makhleb.
   446 | D        | Found a sparkling altar of Nemelex Xobeh.
   447 | D        | Found an iron altar of Okawaru.
   456 | D        | Became a worshipper of Dithmenos the Shadowed
   463 | D        | Found a stormy altar of Qazlal.
   464 | D        | Found a sacrificial altar of Ru.
   465 | D        | Found a shimmering blue altar of Sif Muna.
   466 | D        | Found a bloodstained altar of Trog.
   467 | D        | Found a hide-covered altar of Uskayaw.
   468 | D        | Found a radiant altar of Vehumet.
   469 | D        | Found an ornate altar of the Wu Jian Council.
   470 | D        | Found a shimmering altar of Xom.
   471 | D        | Found a basalt altar of Yredelemnul.
   472 | D        | Found a glowing silver altar of Zin.
   473 | D        | Found a glowing golden altar of the Shining One.
   519 | D        | Noticed a centaur
   519 | D        | Noticed a kobold demonologist
   519 | D        | Noticed a komodo dragon
   521 | D        | Killed a centaur
   522 | D        | Reached skill level 1 in Fighting
   522 | D        | Reached skill level 9 in Stealth
   522 | D        | Reached XP level 5. HP: 29/29 MP: 9/11
   522 | D        | Noticed a two-headed ogre
   523 | D        | Noticed a soul eater
   525 | D        | Killed a kobold demonologist
   526 | D        | Reached skill level 5 in Short Blades
   526 | D        | Reached skill level 12 in Stealth
   526 | D        | Reached skill level 1 in Ice Magic
   526 | D        | Reached skill level 5 in Invocations
   526 | D        | Reached XP level 6. HP: 35/35 MP: 7/13
   526 | D        | Reached XP level 7. HP: 40/40 MP: 7/14
   528 | D        | Killed a two-headed ogre
   528 | D        | Reached * piety under Dithmenos
   529 | D        | Reached skill level 14 in Stealth
   529 | D        | Reached skill level 5 in Spellcasting
   529 | D        | Reached skill level 1 in Evocations
   529 | D        | Reached XP level 8. HP: 10/46 MP: 7/16
   533 | D        | Killed a komodo dragon
   533 | D        | Reached ** piety under Dithmenos
   534 | D        | Reached skill level 15 in Stealth
   675 | D        | Learned a level 3 spell: Confusing Touch
   679 | D        | Learned a level 3 spell: Tukima's Dance
   683 | D        | Learned a level 3 spell: Dazzling Flash
   686 | D        | Noticed a centaur warrior
   686 | D        | Noticed a two-headed ogre
   686 | D        | Noticed a centaur warrior
   687 | D        | Noticed a vampire
   688 | D        | Killed a centaur warrior
   689 | D        | Reached skill level 16 in Stealth
   689 | D        | Reached XP level 9. HP: 52/52 MP: 16/18
   689 | D        | Noticed a centaur warrior
   690 | D        | Killed a two-headed ogre
   691 | D        | Reached skill level 17 in Stealth
   691 | D        | HP: 1/52 [centaur warrior/arrow (11)]
   975 | D        | Shot with an arrow by a centaur warrior

Illustrated notes

Levels and vault maps discovered:
D:        linesprint [early_d, line_temple, items_1, d_10, items_2, lair_1,
          lair_end, items_3, orc_1, orc_end, items_4, d_15, swamp_1, shoals_1,
          snake_1, spider_1, d_20, vaults_1, items_5, swamp_end, shoals_end,
          snake_end, spider_end, vaults_end, d_27, items_6, zot_1, zot_end,
          crypt_end, forest_end, elf_end, slime_end, tomb_end, abyss_end,
          pan_hell_end]

Skill      XL: |  1  2  3  4  5  6  7  8  9 |
---------------+----------------------------+-----
Stealth        | 5 6 7 9 12 14 16 17 | 17.0
Dodging        | 3 4 6 8 9 |  9.7
Hexes          | 4 5 6 7 8 |  8.7
Spellcasting   | 3 4 5 6 |  6.6
Short Blades   | 2 3 5 6 8 |  8.8
Fighting       | 1 2 3 4 |  4.0
Invocations    | 2 5 7 9 |  9.7
Ice Magic      | 1 2 3 |  3.1
Evocations     | 1 2 3 |  3.0

Action                   |  1- 3 |  4- 6 |  7- 9 || total
-------------------------+-------+-------+-------++-------
Melee: Dagger            |    37 |     2 |       ||    39
       Punch             |     1 |       |       ||     1
       Rapier            |       |     3 |     3 ||     6
 Cast: Ensorcelled Hiber |     4 |     1 |     2 ||     7
Evoke: Wand              |       |       |     5 ||     5
  Use: Potion            |     3 |       |     2 ||     5
       Scroll            |       |       |     2 ||     2
 Stab: Sleeping          |     3 |     2 |     2 ||     7
       Invisible         |     2 |     1 |       ||     3
Armor: Robe              |     5 |     2 |       ||     7
Dodge: Dodged            |    36 |     5 |     5 ||    46

Table legend: (Time is in decaauts)
 A = Elapsed time spent in this place.
 B = Non-inter-level travel time spent in this place.
 C = Inter-level travel time spent in this place.
 D = Time resting spent in this place.
 E = Time spent auto-exploring this place.
 F = Levels seen in this place.
 G = Mean time per level.
                   A        B        C        D        E       F      G
               +--------+--------+--------+--------+--------+-----+--------+
         Total |    970 |    970 |      0 |    712 |      0 |   1 |  970.0 |
       Dungeon |    970 |    970 |      0 |    712 |      0 |   1 |  970.0 |
               +--------+--------+--------+--------+--------+-----+--------+

Top non-repeatable levels by time:
       D: 970 daAuts
